 Dungeon Crawl Stone Soup version 0.31.0-32-g396128a36d (webtiles) character file.

Game seed: 1308957756482086454

2024 H0rd4k the Martial Artist (level 9, -5/57 HPs)
             Began as an Octopode Artificer on Mar 18, 2024.
             Killed from afar by a manticore (15 damage)
             ... with a volley of spikes
             ... on level 6 of the Dungeon.
             The game lasted 00:07:00 (6812 turns).

H0rd4k the Martial Artist (Octopode Artificer)      Turns: 6812, Time: 00:07:03

Health: -5/57      AC:  1    Str: 12    XL:     9   Next: 23%
Magic:  18/18      EV: 13    Int: 17    God:
Gold:   330        SH:  0    Dex: 12    Spells: 8/8 levels left

rFire   . .          .
                       - Unarmed
rCold   . . .        (no shield)
rNeg    . . .        (helmet currently unavailable)
rPois   .            (no amulet)
rElec   .            i - ring of willpower
rCorr   .            o - ring of magical power
SInv    .            (no ring)
Will    +....        (no ring)
Stlth   +++          (no ring)
HPRegen 0.29/turn    (no ring)
MPRegen 0.16/turn    (no ring)
                     (no ring)

%: no passive effects
@: beast-form, spiked
A: beast (slay +3), almost no armour, amphibious, 8 rings, camouflage 1,
gelatinous body 1, (nimble swimmer 1), tentacles
a: Begin Untransformation


You were on level 6 of the Dungeon.
You were a hulking beast.
You visited 2 branches of the dungeon, and saw 7 of its levels.

You collected 330 gold pieces.

Inventory:

Hand Weapons
 F - a +3 whip of electrocution
Missiles
 k - 6 silver javelins
 p - 13 poisoned darts (quivered)
Armour
 v - an orb of guile
Jewellery
 i - a ring of willpower (left tentacle)
 o - a ring of magical power (right tentacle)
 I - the ring of the Marlin {Fly rC+ Slay+2}
   (You took it off a gnoll on level 6 of the Dungeon)

   [ring of flight]

   Slay+2:    It affects your accuracy & damage with ranged weapons and melee
   (+2).
   rC+:       It protects you from cold.
   Fly:       It grants you flight.
Talismans
 e - a blade talisman
 m - a beast talisman (active)
Wands
 c - a wand of charming (14)
 d - a wand of iceblast (10)
 s - a wand of paralysis (14)
 t - a wand of mindburst (9)
 D - a wand of flame (15)
 G - a wand of polymorph (7)
Scrolls
 a - 3 scrolls of immolation {unknown}
 g - 5 scrolls of teleportation {unknown}
 h - 2 scrolls of enchant weapon {unknown}
 j - a scroll of fog {unknown}
 l - a scroll of poison {unknown}
 n - a scroll of enchant armour {unknown}
 q - a scroll of revelation {unknown}
 u - 3 scrolls of identify {unknown}
 y - 2 scrolls of noise {unknown}
 z - a scroll of fear {unknown}
 A - a scroll of silence {unknown}
 C - a scroll of butterflies {unknown}
Potions
 b - a potion of cancellation {unknown}
 f - 3 potions of haste {unknown}
 r - 4 potions of curing {unknown}
 w - 2 potions of attraction
 x - 3 potions of brilliance {unknown}
 B - a potion of lignification
 E - a potion of enlightenment {unknown}
 H - a potion of ambrosia {unknown}


   Skills:
 + Level 3.6 Fighting
 + Level 2.1 Throwing
 - Level 2.3 Dodging
 - Level 1.3 Stealth
 + Level 9.1 Unarmed Combat
 - Level 3.2 Evocations
 * Level 5.3 Shapeshifting


You had 8 spell levels left.
You didn't know any spells.
Your spell library contained the following spells:

 Spells                   Type           Power      Damage    Failure   Level
 Static Discharge         Conj/Air       0%         3-3/arc   34%         2
 Dazzling Flash           Conj/Hex       0%         N/A       56%         3
 Volatile Blastmotes      Fire/Tloc      0%         2d10      56%         3
 Airstrike                Air            0%         2d(0-16)  93%         4
 Summon Lightning Spire   Summ/Air       0%         N/A       93%         4
 Starburst                Conj/Fire      0%         6d3       100%        6
 Maxwell's Capacitive Co  Air            0%         ∞         100%        8


Dungeon Overview and Level Annotations

Branches:
Dungeon (6/15)             Temple (1/1) D:4

Altars:
Ashenzari
Dithmenos
Elyvilon
Fedhas
Hepliaklqana
Kikubaaqudgha
Makhleb
Nemelex Xobeh
Okawaru
Ru
Sif Muna
Trog
Wu Jian
Yredelemnul
Zin

Shops:
D:5 [!**!   D:6 =

Annotations:
D:5 1 runed translucent door, exclusion: door, Crazy Yiuf


Innate Abilities, Weirdness & Mutations

You are a hulking beast.
Your limbs bulge with bestial killing power. (Slay +3)
You cannot wear most types of armour.
You are amphibious.
You can wear up to eight rings at the same time.
Your skin changes colour to match your surroundings (Stealth+).
Your rubbery body absorbs attacks. (AC +1, EV +1)
((You are camouflaged when in or above water. (Stealth+)))
You have tentacles for arms and can constrict up to eight enemies at once.


Message History

You kill the bullfrog!
Found a metallic pink potion.
You see here a bullfrog corpse.
A boulder beetle comes into view.
Aiming: Charm
Press: ? - help, Shift-Dir - straight line, f - boulder beetle
Aim: a boulder beetle (chance to affect: 39%)
The boulder beetle is charmed.
Unknown command.
You swap places.
You enter the shallow water.
Saving game... please wait.
Welcome back, H0rd4k the Octopode Artificer.
Press ? for a list of commands and other information.
You enter the shallow water.
A manticore comes into view.
What are your orders? t - Shout!
Orders for allies: a - Attack new target. r - Retreat! s - Stop attacking. g - Guard the area. f - Follow me.
Anything else - Cancel.
Guard this area!
You swap places.
The manticore flicks its tail.
The volley of spikes skewers your boulder beetle but does no damage.
Your boulder beetle closely misses the manticore.
The manticore barely misses your boulder beetle.
The manticore claws your boulder beetle.
The manticore claws your boulder beetle but does no damage.
Your boulder beetle leaps!
The boulder beetle is no longer charmed.
The boulder beetle bites you!!
You tentacle-slap the boulder beetle.
The boulder beetle is lightly wounded.
The boulder beetle bites you!!
* * * LOW HITPOINT WARNING * * *
The manticore flicks its tail.
The volley of spikes skewers you!
The barbed spikes become lodged in your body.
You die...

.### #.# ###.#.###
.# #.# #.#.... .#
#.# #...... .# #.#
#..#### .# #.# ##..#
.# #.# #...# .# #.#
#..## .# #.# #######
#..# # ## #.#
###.hB~~## #..# #
### #~..####.## #..#
## #.°H~~##+
##.####..# ##.
#..#### #.#.....#
#.. ###..# #
#.....#.####.####..
..>..# #PP.~.#~#
#....... ####.#
#.....#~P.P.#~#
#######. #.#
#PP.~~#!.!~[#~# #.
#.####).P.[#≈S.≈≈#~#
#.


You could see a boulder beetle and a manticore.

Vanquished Creatures
  Grinder (D:4)
  Menkaure (D:4)
  2 black bears (D:5)
  An orc warrior (D:5)
  2 ogres (D:5)
  A phantom (D:3)
  A kobold brigand (D:5)
  2 scorpions (D:5)
  A bullfrog (D:6)
  3 wights (D:6)
  2 howler monkeys
  An orc priest (D:5)
  2 jellies (D:6)
  4 hounds
  2 gnoll boudas
  Ijyb (D:5)
  2 iguanas (D:5)
  2 orc wizards
  2 hound zombies (D:5)
  6 gnolls (D:6)
  9 adders
  4 ufetubi (D:6)
  2 dart slugs
  3 ribbon worms
  10 orcs
  8 endoplasms
  5 giant cockroaches
  6 goblins
  7 hobgoblins
  4 jackals
  3 quokkas
  8 ball pythons
  4 bats
  A frilled lizard (D:1)
  12 kobolds
  4 rats
129 creatures vanquished.

Vanquished Creatures (others)
  A human (D:4)
1 creature vanquished.

Grand Total: 130 creatures vanquished

Notes
Turn   | Place    | Note
-------+----------+-------------------------------------------
     0 | D:1      | H0rd4k the Octopode Artificer began the quest for the Orb.
     0 | D:1      | Reached XP level 1. HP: 13/13 MP: 1/1
    63 | D:1      | Reached skill level 1 in Unarmed Combat
    65 | D:1      | Reached XP level 2. HP: 11/18 MP: 2/2
   371 | D:1      | Reached skill level 1 in Shapeshifting
   372 | D:1      | Reached XP level 3. HP: 20/23 MP: 3/3
   799 | D:2      | Reached skill level 2 in Unarmed Combat
  1111 | D:2      | Reached XP level 4. HP: 20/28 MP: 4/4
  1624 | D:3      | Found a sparkling altar of Nemelex Xobeh.
  1716 | D:3      | Reached skill level 3 in Unarmed Combat
  2008 | D:3      | HP: 2/42 [poisoned by an adder]
  2167 | D:3      | Noticed a phantom
  2181 | D:3      | Killed a phantom
  2182 | D:3      | Reached XP level 5. HP: 32/34 MP: 5/5
  2226 | D:3      | Reached skill level 4 in Unarmed Combat
  2842 | D:3      | Found a broken altar of Ashenzari.
  3212 | D:4      | Found an ancient bone altar of Kikubaaqudgha.
  3213 | D:4      | Noticed a human
  3215 | D:4      | Killed a human
  3272 | D:4      | Found a staircase to the Ecumenical Temple.
  3309 | Temple   | Entered the Ecumenical Temple
  3386 | D:4      | Noticed Grinder
  3391 | D:4      | Noticed Menkaure
  3393 | D:4      | Killed Menkaure
  3394 | D:4      | Reached skill level 5 in Unarmed Combat
  3394 | D:4      | Reached XP level 6. HP: 39/39 MP: 6/6
  3407 | D:4      | Killed Grinder
  3408 | D:4      | Reached XP level 7. HP: 45/45 MP: 7/7
  3806 | D:5      | Entered Level 5 of the Dungeon
  3851 | D:5      | Reached skill level 6 in Unarmed Combat
  4210 | D:5      | Found Agoig's Distillery.
  4233 | D:5      | Found Volaut's General Store.
  4238 | D:5      | Reached XP level 8. HP: 40/51 MP: 8/8
  4240 | D:5      | Found Sutecit's General Store.
  4332 | D:5      | Reached skill level 7 in Unarmed Combat
  4453 | D:5      | Found a basalt altar of Yredelemnul.
  4781 | D:5      | Found Jiqosoy's Distillery.
  4781 | D:5      | Noticed Ijyb
  4787 | D:5      | Killed Ijyb
  5078 | D:5      | Found Jylyn's Armour Boutique.
  5098 | D:5      | Reached skill level 8 in Unarmed Combat
  5160 | D:5      | Found a shimmering blue altar of Sif Muna.
  5281 | D:5      | Reached skill level 1 in Throwing
  5394 | D:5      | Found a runed translucent door.
  5395 | D:5      | Noticed Crazy Yiuf
  6096 | D:6      | Found Tunig's Jewellery Shop.
  6226 | D:6      | Reached XP level 9. HP: 51/57 MP: 9/9
  6263 | D:6      | Reached skill level 5 in Shapeshifting
  6506 | D:6      | Reached skill level 9 in Unarmed Combat
  6519 | D:6      | Identified the ring of the Marlin {Fly rC+ Slay+2}
  6786 | D:6      | Noticed a boulder beetle
  6802 | D:6      | Noticed a manticore
  6812 | D:6      | Killed from afar by a manticore

Illustrated notes

Levels and vault maps discovered:
D:1:      dpeg_arrival_simpleton_a, layout_loops_cross, minmay_cupped
D:2:      layout_loops_ring, item_on_display_b
D:3:      layout_basic, mainiacjoe_overflow_paths, mainiacjoe_overflow_boulevard
D:4:      layout_basic, tgw_kikubaaqudgha, minmay_temple_entry_sparse_star,
          uniq_grinder, uniq_menkaure
D:5:      layout_basic, kennysheep_orc_sif_temple,
          lemuel_zombie_altar_yredelemnul, serial_shops, nicolae_shop_stone,
          shop, nicolae_shop_back_alley_shop, shop, kennysheep_mini,
          uniq_crazy_yiuf_cottage, uniq_ijyb
D:6:      cheibrodos_two_vegetables, layout_loops_ring, serial_shops,
          nicolae_shop_stone
Temple:   hellmonk_temple_rainy

Skill      XL: |  1  2  3  4  5  6  7  8  9 |
---------------+----------------------------+-----
Unarmed Combat | 1 2 3 5 6 8 9 |  9.1
Shapeshifting  | 1 2 3 4 5 |  5.3
Fighting       | 2 3 |  3.6
Throwing       | 1 2 |  2.1
Dodging        | |  2.3
Stealth        | |  1.3
Evocations     | |  3.2

Action                     |  1- 3 |  4- 6 |  7- 9 || total
---------------------------+-------+-------+-------++-------
  Melee: Unarmed           |    96 |    72 |   157 ||   325
         Tentacles         |    22 |    12 |    43 ||    77
         Constrict         |    29 |    13 |    41 ||    83
         Punch             |     1 |     2 |    12 ||    15
  Throw: Dart              |       |       |    19 ||    19
  Evoke: Wand              |       |    21 |     1 ||    22
    Use: Potion            |       |     3 |       ||     3
   Stab: Sleeping          |    10 |     9 |     5 ||    24
         Distracted        |     1 |       |       ||     1
 Armour: Skin              |    38 |    32 |    76 ||   146
  Dodge: Dodged            |    53 |    36 |    86 ||   175
   Form: Beast             |     1 |       |       ||     1
